 Dungeon Crawl Stone Soup version 0.25.0-37-gb73750e0fb (console) character file.

Game seed: 17112418461318560721

28319 Kagalorn the Cleaver (level 13, -1/89 HPs)
             Began as an Octopode Ice Elementalist on July 8, 2020.
             Was a Priest of Sif Muna.
             Killed from afar by a hell hound (17 damage)
             ... with a blast of flame
             ... in a Gauntlet.
             The game lasted 00:54:12 (21777 turns).

Kagalorn the Cleaver (Octopode Ice Elementalist)   Turns: 21777, Time: 00:54:12

Health: -1/89      AC:  3    Str:  8    XL:     13   Next: 38%
Magic:  0/20       EV: 20    Int: 25    God:    Sif Muna [***...]
Gold:   1076       SH:  0    Dex: 16    Spells: 17/22 levels left

rFire    . . .     SeeInvis .   a - +5 trident (elec)
rCold    . . .     Gourm    .   (no shield)
rNeg     + . .     Faith    .   d - +2 hat "Warufyiz" {Dex+4}
rPois    .         Spirit   +   B - amulet of guardian spirit
rElec    .         Reflect  .   G - ring of protection from magic
rCorr    .         Harm     .   M - ring "Boisomope" {MR+ Int+3}
MR       ++...     NoTele   +   Q - ring of positive energy
Stlth    +++++.....             (no ring)
HPRegen  0.24/turn              (no ring)
MPRegen  0.17/turn              (no ring)
                                (no ring)
                                (no ring)

@: no status effects
A: almost no armour, stealthy swim, amphibious, 8 rings, constrict 8, camouflage
1, gelatinous body 1
a: Channel Magic, Forget Spell, Renounce Religion


You were in a Gauntlet.
You worshipped Sif Muna.
Sif Muna was most pleased with you.
You were not hungry.

You visited 3 branches of the dungeon, and saw 16 of its levels.
You also visited: Gauntlet.

You collected 1240 gold pieces.
You spent 164 gold pieces at shops.

Inventory:

Hand Weapons
 a - a +5 trident of electrocution (weapon)
 b - a +0 war axe of flaming
 q - a +2 battleaxe of venom
 w - a +0 dagger of venom
Missiles
 c - 415 stones
 h - 102 sling bullets
 l - 61 bolts
 p - 3 silver javelins
 D - 74 poisoned darts (quivered)
 H - a silver boomerang
 L - a throwing net
 P - 7 boomerangs
 S - 8 atropa-tipped darts
Armour
 d - the +2 hat "Warufyiz" (worn) {Dex+4}
   (You acquired it on level 1 of the Lair of Beasts)

   It affects your dexterity (+4).
Magical Staves
 v - an uncursed staff of poison
Jewellery
 t - an uncursed amulet of regeneration
 B - an amulet of guardian spirit (around mantle)
 G - a ring of protection from magic (left tentacle)
 M - the ring "Boisomope" (right tentacle) {MR+ Int+3}
   (You found it on level 1 of the Lair of Beasts)

   [ring of protection from magic]

   It affects your intelligence (+3).
   It affects your resistance to hostile enchantments.
 Q - a ring of positive energy (on tentacle)
Wands
 j - a wand of paralysis (7)
 o - a wand of random effects (55)
 K - a wand of acid (8)
Scrolls
 f - a scroll of enchant armour
 g - 5 scrolls of remove curse
 i - 10 scrolls of teleportation
 m - 4 scrolls of enchant weapon
 n - 2 scrolls of magic mapping
 s - a scroll of amnesia
 x - 2 scrolls of fog
 I - a scroll of fear
Potions
 e - 4 potions of heal wounds
 r - 8 potions of curing
 u - a potion of resistance
 z - a potion of magic
 A - a potion of flight
 C - 2 potions of cancellation
 F - 2 potions of ambrosia
 J - 2 potions of stabbing
 N - 2 potions of berserk rage
 R - 2 potions of might
 T - a potion of brilliance
Comestibles
 y - 19 rations


   Skills:
 + Level 8.6 Fighting
 * Level 11.7 Axes
 - Level 10.0 Dodging
 - Level 10.0 Stealth
 - Level 5.0 Spellcasting
 + Level 0.5 Summonings
 - Level 10.0 Ice Magic
 + Level 7.5 Invocations


You had 17 spell levels left.
You knew the following spells:

 Your Spells              Type           Power        Failure   Level  Hunger
a - Freeze                Ice            ####         1%          1    None
b - Frozen Ramparts       Ice            ######       1%          3    ##.....
h - Summon Butterflies    Summ           #.......     7%          1    None

Your spell library contained the following spells:

 Spells                   Type           Power        Failure   Level  Hunger
 Ozocubu's Armour         Chrm/Ice       ####....     3%          3    ##.....
 Beastly Appendage        Tmut           #.....       9%          1    None
 Sting                    Tmut/Pois      #...         9%          1    None
 Summon Ice Beast         Ice/Summ       ####....     10%         4    ####...
 Hailstorm                Conj/Ice       ####....     11%         4    ####...
 Ice Form                 Ice/Tmut       ####....     11%         4    ####...
 Poisonous Vapours        Pois/Air       #.....       12%         2    None
 Sticks to Snakes         Tmut           #.......     12%         2    None
 Call Canine Familiar     Summ           #.......     21%         3    ##.....
 Ignite Poison            Fire/Tmut/Pois #.......     24%         3    ##.....
 Mephitic Cloud           Conj/Pois/Air  #.......     24%         3    ##.....
 Spider Form              Tmut/Pois      #.........   24%         3    ##.....
 Olgreb's Toxic Radiance  Pois           #.......     63%         4    ####...
 Summon Mana Viper        Hex/Summ       #.......     90%         5    #####..
 Blade Hands              Tmut           #.........   92%         5    #####..
 Summon Hydra             Summ           #.........   100%        7    #######


Dungeon Overview and Level Annotations

Branches:
Dungeon (11/15)            Temple (1/1) D:7            Lair (4/6) D:11
  Swamp (0/4) Lair:2       Spider (0/4) Lair:2          Orc (0/2) D:9
Gauntlet (1/1)

Altars:
Ashenzari
Cheibriados
Dithmenos
Elyvilon
Fedhas
Gozag
Hepliaklqana
Kikubaaqudgha
Makhleb
Nemelex Xobeh
Okawaru
Qazlal
Ru
Sif Muna
Trog
Uskayaw
Vehumet
Wu Jian
Xom
Yredelemnul
Zin
The Shining One

Shops:
D:9 (?*}[   D:11 }

Annotations:
D:7 2 transporters, paps's ghost, novice OpTm
D:10 exclusion: ice dragon
Lair:3 exclusion: 3 oklob plants Gauntlet 12 transporters, exclusion: obsidian statue


Innate Abilities, Weirdness & Mutations

You cannot wear most types of armour.
You are very stealthy in the water. (Stealth+)
You are amphibious.
You can wear up to eight rings at the same time.
You can use your tentacles to constrict eight enemies at once.
Your skin changes colour to match your surroundings (Stealth+).
Your rubbery body absorbs attacks. (AC +1, EV +1)


Message History

The fire bat bites you.
You are engulfed in flames!
The fire bat bites you.
You are engulfed in flames!
The fire bat misses you. x2; The fire bat bites you.
You are engulfed in flames.
The fire bat barely misses you. The fire bat misses you.
The hell hound breathes flames at you.
The blast of flame hits the fire bat.
The fire bat completely resists.
The blast of flame hits you!!
* * * LOW HITPOINT WARNING * * *
The fire bat bites you but does no damage.
The fire bat completely misses you. The fire bat closely misses you.
The fire bat bites you.
You are engulfed in flames.
* * * LOW HITPOINT WARNING * * *
There is a transporter here.
Unknown command.
You enter the transporter and appear at another place.
The fire bat misses you. The fire bat closely misses you.
The hell hound breathes flames at you.
The blast of flame hits the fire bat.
The fire bat completely resists.
The blast of flame hits you!!
You die...

#####..........#.#p......5p#.#...
#≈.....#########.###########.####
#......#©........#§§§§8≈≈≈§#.....
#..#############.###########.####
#..#.........#.#.#.........#.#.#.
#..#..##.##..#.#b#.........#.#.#.
#..#.##...##.#.#h#:........#.#.#.
#..#.#.....#.#.#b#[h.......#.#.##
#..#....©....#.#@#bbh.©....#©#.#.
####.#.....#.#.###h........###.##
..©#.##...##x#...#!........#...#.
####..##.##..#...#.........#...#.
#..#..$.x![..#...#.........#...#.
#§§###########...###########...##
#§§§...........≈.............≈...
#∩............≈8≈...........≈8≈..
#≈.............≈.§...........§...


You could see a hell hog (catching breath), 3 hell hounds, a small abomination
(wandering) and 4 fire bats.

Vanquished Creatures
  A death ooze (Gauntlet)
  4 hydras
  4 two-headed ogres
  Pikel (D:4)
  3 elephants (Lair:2)
  Joseph (D:7)
  2 black mambas (Lair:3)
  Maggie (Lair:1)
  5 spiny frogs
  A gargoyle (D:10)
  A centaur skeleton (D:10)
  A komodo dragon (Lair:3)
  4 jumping spiders (Lair:2)
  A polar bear (Lair:3)
  A troll (D:10)
  12 blink frogs
  Prince Ribbit (D:7)
  2 bog bodies (Lair:2)
  4 hippogriffs
  A shadow (D:11)
  3 spriggans
  Sigmund (D:3)
  A wraith (D:11)
  4 wyverns
  6 yaks
  A redback (Lair:2)
  A basilisk (Lair:1)
  4 vampire mosquitoes (D:8)
  A hungry ghost (D:8)
  2 wargs (D:9)
  9 porcupines
  A soldier ant (D:9)
  10 water moccasins
  A floating eye (D:10)
  4 orc warriors
  2 sky beasts
  2 ice beasts (D:8)
  5 black bears
  An eye of draining (D:8)
  A necrophage (D:7)
  5 wolves (Lair:3)
  7 phantoms
  3 ogres
  3 centaurs
  6 crocodiles
  A big kobold (D:8)
  17 bullfrogs
  A wyvern zombie (D:11)
  3 scorpions
  8 wights
  4 electric eels
  2 howler monkeys
  6 crimson imps
  2 centaur zombies
  2 bullfrog zombies
  2 quasits
  5 hounds
  A jelly (D:6)
  A bullfrog skeleton (D:5)
  3 iguanas
  Ijyb (D:3)
  12 orc wizards
  14 worker ants
  A howler monkey zombie (D:11)
  Robin (D:3)
  12 adders
  A howler monkey skeleton (D:6)
  6 shadow imps
  An adder zombie (D:9)
  An adder skeleton (D:8)
  4 worms
  3 dart slugs
  8 leopard geckos
  34 orcs
  3 ball pythons
  6 bats
  8 giant cockroaches
  18 goblins
  12 hobgoblins
  15 jackals
  5 quokkas
  A ball python skeleton (D:4)
  2 frilled lizards (D:4)
  7 kobolds
  A quokka skeleton (D:5)
  9 rats
379 creatures vanquished.

Vanquished Creatures (others)
  An orc (D:4)
  27 fungi
  11 plants
39 creatures vanquished.

Grand Total: 418 creatures vanquished

Notes
Turn   | Place    | Note
-------+----------+-------------------------------------------
     0 | D:1      | Kagalorn the Octopode Ice Elementalist began the quest for
                  | the Orb.
     0 | D:1      | Reached XP level 1. HP: 11/11 MP: 3/3
    46 | D:1      | Reached XP level 2. HP: 6/17 MP: 0/5
  1124 | D:1      | Reached XP level 3. HP: 21/21 MP: 4/6
  1522 | D:2      | Learned a level 3 spell: Frozen Ramparts
  1604 | D:2      | Reached XP level 4. HP: 27/27 MP: 4/7
  2752 | D:3      | Found a faded altar of an unknown god.
  2820 | D:3      | Reached XP level 5. HP: 20/31 MP: 1/9
  3160 | D:3      | Noticed Robin
  3188 | D:3      | Killed Robin
  3196 | D:3      | Noticed Sigmund
  3419 | D:3      | Reached skill level 5 in Ice Magic
  3513 | D:3      | Killed Sigmund
  3513 | D:3      | Reached XP level 6. HP: 17/36 MP: 1/10
  3705 | D:3      | Noticed Ijyb
  3718 | D:3      | Killed Ijyb
  3718 | D:3      | Reached skill level 5 in Stealth
  3765 | D:3      | Found a snail-covered altar of Cheibriados.
  4437 | D:4      | Noticed Pikel
  4437 | D:4      | Noticed a slave
  4437 | D:4      | Noticed a slave
  4437 | D:4      | Noticed a slave
  4440 | D:4      | Noticed a slave
  4616 | D:4      | Killed Pikel
  4616 | D:4      | Reached XP level 7. HP: 36/41 MP: 7/13
  4701 | D:4      | Found a white marble altar of Elyvilon.
  4715 | D:4      | Found a sparkling altar of Nemelex Xobeh.
  4715 | D:4      | Found a glowing golden altar of the Shining One.
  4718 | D:4      | Found a basalt altar of Yredelemnul.
  4731 | D:4      | Reached XP level 8. HP: 33/46 MP: 12/14
  5830 | D:5      | Entered Level 5 of the Dungeon
  6461 | D:4      | Reached skill level 5 in Dodging
  7160 | D:5      | Found a burning altar of Makhleb.
  7824 | D:6      | Reached skill level 5 in Spellcasting
  7824 | D:6      | Reached XP level 9. HP: 25/51 MP: 16/16
  8268 | D:6      | Reached skill level 1 in Fighting
  8325 | D:6      | Found a basalt altar of Yredelemnul.
  9211 | D:7      | Noticed Prince Ribbit
  9221 | D:7      | Killed Prince Ribbit
  9221 | D:7      | Reached skill level 1 in Axes
  9245 | D:7      | Found a staircase to the Ecumenical Temple.
  9245 | D:7      | Noticed Joseph
  9277 | D:7      | Killed Joseph
  9277 | D:7      | Reached skill level 2 in Axes
  9316 | Temple   | Entered the Ecumenical Temple
  9891 | D:7      | Reached skill level 3 in Axes
  9891 | D:7      | Reached XP level 10. HP: 63/63 MP: 17/17
  9935 | D:7      | Found a transporter.
 10095 | D:7      | Noticed paps's ghost (novice OpTm)
 10116 | D:7      | Found a transporter.
 10376 | D:8      | Found an ornate altar of the Wu Jian Council.
 10377 | D:8      | Found a shimmering altar of Xom.
 10817 | D:8      | Reached skill level 4 in Axes
 10866 | D:8      | Reached skill level 10 in Ice Magic
 10920 | D:8      | Noticed a two-headed ogre
 10973 | D:8      | Killed a two-headed ogre
 10973 | D:8      | Reached skill level 5 in Axes
 10973 | D:8      | Reached skill level 10 in Stealth
 11326 | D:8      | Noticed a two-headed ogre
 11336 | D:8      | Killed a two-headed ogre
 11336 | D:8      | Reached skill level 6 in Axes
 11336 | D:8      | Reached XP level 11. HP: 32/70 MP: 12/18
 11877 | D:8      | Found a radiant altar of Vehumet.
 11884 | D:8      | Reached skill level 5 in Fighting
 12060 | D:8      | Found a shimmering blue altar of Sif Muna.
 12065 | D:8      | Became a worshipper of Sif Muna the Loreminder
 12192 | D:9      | Found Mounlulo's Gadget Shoppe.
 12390 | D:9      | Found a staircase to the Orcish Mines.
 12399 | D:9      | Found Jifyis's Assorted Antiques.
 12415 | D:9      | Reached skill level 1 in Invocations
 12465 | D:9      | Bought a coppery potion for 35 gold pieces
 12465 | D:9      | Bought a sedimented black potion for 35 gold pieces
 12465 | D:9      | Bought a scroll labeled MAOZIF HYFRI for 39 gold pieces
 12660 | D:9      | Found Uqett's Magic Scroll Shoppe.
 12679 | D:9      | Reached skill level 7 in Axes
 12698 | D:9      | Bought a scroll of identify for 22 gold pieces
 12698 | D:9      | Bought a scroll of teleportation for 33 gold pieces
 12887 | D:9      | Reached * piety under Sif Muna
 12957 | D:9      | Found Plog's Weapon Shop.
 13536 | D:9      | Found Reilom's Antique Armour Shoppe.
 13778 | D:10     | Entered Level 10 of the Dungeon
 14256 | D:10     | Noticed a two-headed ogre
 14277 | D:10     | Killed a two-headed ogre
 14525 | D:10     | Reached skill level 8 in Axes
 14664 | D:10     | Noticed a two-headed ogre
 14681 | D:10     | Paralysed by a floating eye for 2 turns
 14684 | D:10     | Paralysed by a floating eye for 2 turns
 14691 | D:10     | Killed a two-headed ogre
 15317 | D:10     | Reached ** piety under Sif Muna
 15392 | D:10     | Noticed an ice dragon
 15559 | D:11     | Found Utoxt's Gadget Emporium.
 15848 | D:11     | Found a staircase to the Lair.
 16705 | D:11     | Reached skill level 9 in Axes
 16705 | D:11     | Reached XP level 12. HP: 64/80 MP: 12/19
 17117 | Lair:1   | Entered Level 1 of the Lair of Beasts
 17227 | Lair:1   | Noticed Maggie
 17334 | Lair:1   | Identified a scroll of acquirement
 17335 | Lair:1   | Acquired the +2 hat "Warufyiz" {Dex+4}
 17350 | Lair:1   | Killed Maggie
 17358 | Lair:1   | Got a fine jade ring
 17359 | Lair:1   | Identified the ring "Boisomope" {MR+ Int+3} (You found it
                  | on level 1 of the Lair of Beasts)
 17700 | Lair:1   | Reached skill level 5 in Invocations
 17914 | Lair:2   | Found a staircase to the Swamp.
 18206 | Lair:2   | Found a hole to the Spider Nest.
 18330 | Lair:2   | Reached skill level 10 in Axes
 18485 | Lair:2   | Found an iron altar of Okawaru.
 18823 | Lair:2   | Reached *** piety under Sif Muna
 19420 | Lair:3   | Noticed a seven-headed hydra
 19574 | Lair:3   | Noticed a six-headed hydra
 19575 | Lair:3   | Noticed a five-headed hydra
 19594 | Lair:3   | Killed a one-headed hydra
 19836 | Lair:3   | Killed a five-headed hydra
 19836 | Lair:3   | Reached skill level 11 in Axes
 19836 | Lair:3   | Reached XP level 13. HP: 88/88 MP: 17/20
 20726 | Lair:4   | Reached skill level 10 in Dodging
 20801 | Lair:4   | Found a gate leading to a gauntlet.
 20811 | Gauntlet | Entered a Gauntlet
 20811 | Gauntlet | Found a transporter.
 20811 | Gauntlet | Found a transporter.
 20817 | Gauntlet | Found a transporter.
 20817 | Gauntlet | Found a transporter.
 20828 | Gauntlet | Found a transporter.
 20834 | Gauntlet | Noticed a death ooze
 20835 | Gauntlet | Found a transporter.
 20844 | Gauntlet | Found a transporter.
 20846 | Gauntlet | Found a transporter.
 20846 | Gauntlet | Found a transporter.
 20850 | Gauntlet | Found a transporter.
 20884 | Gauntlet | Found a transporter.
 20929 | Gauntlet | Found a transporter.
 20931 | Gauntlet | Noticed a death ooze
 20939 | Gauntlet | Found a transporter.
 20959 | Gauntlet | Found a transporter.
 21054 | Gauntlet | Found a transporter.
 21072 | Gauntlet | Found a transporter.
 21505 | Gauntlet | Learned a level 1 spell: Summon Butterflies
 21658 | Gauntlet | Killed a death ooze
 21777 | Gauntlet | Killed from afar by a hell hound

Illustrated notes

Levels and vault maps discovered:
D:1:      lemuel_arrival_lava_pool, layout_basic, due_unseen_surprise
D:2:      layout_loops_ring
D:3:      layout_loops_cross, cheibriados_altar_1,
          chequers_ecumenical_altar_island, ebering_dispersal_statue_hall,
          uniq_sigmund, uniq_ijyb, uniq_robin
D:4:      minmay_polygon_palace, layout_basic, grunt_temple_overflow_open,
          dk_noncrumbling_3, uniq_pikel
D:5:      layout_rooms, first_ration, basic_altar, minmay_misc_feat_x,
          grunt_ministairs_13
D:6:      layout_cave_pools, basic_altar
D:7:      layout_rooms, minmay_temple_entry_drinking_statues,
          gammafunk_ghost_hive, serial_rivers, chequers_serial_rivers_small_b,
          chequers_serial_rivers_micro_c, chequers_serial_rivers_micro_a,
          chequers_serial_rivers_marsh, water_maze_lemuel, uniq_joseph,
          uniq_prince_ribbit1
D:8:      layout_loops_ring, chequers_temple_overflow_statue_of_worship,
          kennysheep_little_box
D:9:      layout_basic, minmay_orc_entry_guard_dogs, serial_shops, shop, shop,
          shop, shop_scrolls, nicolae_shop_trees, grunt_pizzeria
D:10:     dragon1_lemuel, layout_rooms, onia_ninara_cookie
D:11:     layout_basic, due_lair_maze_entry_diamond, serial_shops, shop
Temple:   cyrus_circular_temple
Lair:1:   layout_long_grid, uniq_maggie
Lair:2:   wad_woods_stonehenge, layout_gridlike, skrybe_swamp_entry_bodies,
          nicolae_spider_entry_tight_spaces, serial_bayou_shore_b
Lair:3:   layout_roguey, serial_bayou_shore_a, minmay_lair_oklob_chamber
Lair:4:   layout_gridlike, gauntlet_entry_generic
Gauntlet: gammafunk_gauntlet_branching [gammafunk_gauntlet_arena_chambers,
          gammafunk_gauntlet_arena_teeth, nicolae_gauntlet_arena_grate_2,
          gammafunk_gauntlet_arena_open, nicolae_gauntlet_arena_quarters,
          nicolae_gauntlet_arena_blocks, gammafunk_gauntlet_arena_split_diamond,
          nicolae_gauntlet_arena_flowing_pool, gauntlet_exit_watery]

Skill      XL: |  1  2  3  4  5  6  7  8  9 10 11 12 13 |
---------------+----------------------------------------+-----
Stealth        | 3 4 6 7 9 10 | 10.0
Dodging        | 3 4 5 6 7 8 9 10 | 10.0
Ice Magic      | 5 6 8 9 10 | 10.0
Spellcasting   | 3 4 5 |  5.0
Fighting       | 3 4 6 8 |  8.6
Axes           | 3 6 9 11 | 11.7
Invocations    | 4 6 7 |  7.5
Summonings     | |  0.5

Action                   |  1- 3 |  4- 6 |  7- 9 | 10-12 | 13-15 || total
-------------------------+-------+-------+-------+-------+-------++-------
Melee: Unarmed           |    46 |    50 |       |       |       ||    96
       Constrict         |    12 |    17 |    28 |    54 |    14 ||   125
       Tentacles         |    10 |    10 |    26 |    45 |    11 ||   102
       Whip              |       |       |    93 |       |       ||    93
       Dagger            |       |       |    84 |   223 |       ||   307
       War axe           |       |       |       |    30 |     4 ||    34
       Trident           |       |       |       |   110 |    90 ||   200
Throw: Dart              |       |     4 |     2 |    25 |     1 ||    32
       Boomerang         |       |       |       |     2 |       ||     2
 Cast: Freeze            |    26 |    71 |    30 |    34 |       ||   161
       Frozen Ramparts   |       |    13 |    23 |    95 |    15 ||   146
Evoke: Wand              |       |       |       |     4 |       ||     4
  Use: Scroll            |       |       |    13 |    15 |     2 ||    30
       Potion            |       |       |     1 |       |     1 ||     2
 Stab: Sleeping          |     6 |     4 |    13 |    25 |     2 ||    50
       Paralysed         |       |       |       |     5 |       ||     5
       Distracted        |       |       |       |     2 |     1 ||     3
  Eat: Chunk             |     2 |    10 |    12 |    18 |     4 ||    46
       Ration            |       |       |     2 |     5 |     1 ||     8
Armor: Skin              |     4 |     5 |    11 |    10 |    10 ||    40
Dodge: Dodged            |    43 |    77 |   149 |   289 |    60 ||   618
